 Dungeon Crawl Stone Soup version 0.25-a0-668-gea548f19b6 (webtiles) character file.

Game seed: 9896729951364554393, levelgen mode: deterministic

296 MisterFreud the Vexing (level 6, -3/47 HPs)
             Began as a Gnoll Arcane Marksman on Mar 28, 2020.
             Slain by an orc priest
             ... wielding a +0 hand axe
              (7 damage)
             ... on level 3 of the Dungeon.
             The game lasted 00:06:06 (2846 turns).

MisterFreud the Vexing (Gnoll Arcane Marksman)      Turns: 2846, Time: 00:06:07

Health: -3/47      AC:  3    Str: 13    XL:     6   Next: 35%
Magic:  11/11      EV: 15    Int: 17    God:
Gold:   85         SH:  0    Dex: 15    Spells: 10/11 levels left

rFire    . . .     SeeInvis +   e - +0 club
rCold    . . .     Gourm    .   (no shield)
rNeg     . . .     Faith    .   l - +0 robe (curse)
rPois    .         Spirit   .   (no helmet)
rElec    .         Reflect  .   (no cloak)
rCorr    .         Harm     .   (no gloves)
MR       .....                  o - +0 pair of boots
Stlth    ++........             (no amulet)
HPRegen  0.15/turn              m - ring of see invisible
MPRegen  0.12/turn              (no ring)

@: flying
A: distributed training, fangs 1, strong nose
a: no special abilities


You were on level 3 of the Dungeon.
You were not hungry.

You visited 1 branch of the dungeon, and saw 4 of its levels.

You collected 85 gold pieces.

Inventory:

Hand Weapons
 e - a +0 club (weapon)
Missiles
 d - 3 throwing nets (quivered)
 g - 5 atropa-tipped darts
 k - 113 stones
Armour
 a - a +0 robe
 l - a cursed +0 robe (worn)
 o - a +0 pair of boots (worn)
Jewellery
 m - a ring of see invisible (left hand)
 t - a +3 ring of evasion
Scrolls
 b - a scroll of fog {unknown}
 c - 4 scrolls of teleportation {unknown}
 h - 5 scrolls of identify {unknown}
 i - 2 scrolls of remove curse {unknown}
 j - a scroll of random uselessness {unknown}
 n - 2 scrolls of immolation {unknown}
 p - a scroll of blinking {unknown}
 w - 2 scrolls of magic mapping {unknown}
Potions
 q - a potion of cancellation {unknown}
 s - a potion of flight
 u - a potion of might {unknown}
 v - a potion of brilliance {unknown}
 x - a potion of invisibility {unknown}
Comestibles
 f - 3 rations
 z - 2 chunks of flesh


   Skills:
 + Level 3.2 Fighting
 + Level 1.9 Short Blades
 + Level 1.9 Long Blades
 + Level 1.9 Axes
 + Level 1.9 Maces & Flails
 + Level 1.9 Polearms
 + Level 1.9 Staves
 + Level 1.9 Slings
 + Level 1.9 Bows
 + Level 1.9 Crossbows
 + Level 4.9 Throwing
 + Level 1.9 Armour
 + Level 4.9 Dodging
 + Level 1.9 Stealth
 + Level 1.9 Shields
 + Level 1.9 Unarmed Combat
 + Level 3.4 Spellcasting
 + Level 1.5 Conjurations
 + Level 5.6 Hexes
 + Level 1.5 Charms
 + Level 1.5 Summonings
 + Level 1.5 Necromancy
 + Level 1.5 Translocations
 + Level 1.5 Transmutations
 + Level 1.5 Fire Magic
 + Level 1.5 Ice Magic
 + Level 1.5 Air Magic
 + Level 1.5 Earth Magic
 + Level 1.5 Poison Magic
 + Level 2.1 Invocations
 + Level 1.9 Evocations


You had 10 spell levels left.
You knew the following spells:

 Your Spells              Type           Power        Failure   Level  Hunger
a - Corona                Hex            ###....      1%          1    None

Your spell library contained the following spells:

 Spells                   Type           Power        Failure   Level  Hunger
 Slow                     Hex            ###.....     2%          2    ##.....
 Inner Flame              Hex/Fire       ###.....     12%         3    ###....
 Portal Projectile        Hex/Tloc       ###...       12%         3    ###....
 Cause Fear               Hex            ###.......   16%         4    ####...
 Leda's Liquefaction      Hex/Erth       ###.......   36%         4    ####...


Dungeon Overview and Level Annotations

Branches:
Dungeon (4/15)
 Temple: D:4-7

Altars:
Cheibriados

Shops:
D:4 }


Innate Abilities, Weirdness & Mutations

Your experience applies equally to all skills.
You have very sharp teeth.
Your uncanny sense of smell can sniff out nearby items.


Message History

* * * LOW HITPOINT WARNING * * *
Fire/throw which item? (* to show all) (? for menu, Esc to quit)
Throwing (i - inventory. (/) - cycle)
d - 3 throwing nets (quivered)
Press: ? - help, Shift-Dir - straight line, f/p - orc priest
Aim: an orc priest, wielding a +0 hand axe and wearing a +0 scale mail (lightly wounded, chance to blind on hit: 87%)
You throw an atropa-tipped dart.
The atropa-tipped dart hits the orc priest.
The orc priest resists.
The orc priest is lightly wounded.
The orc priest invokes the aid of Beogh against you.
Beogh smites you!
* * * LOW HITPOINT WARNING * * *
The orc completely misses you.
You hear a bark!
It was a potion of flight.
You feel very buoyant.
You fly up into the air.
You hear a bark!
The orc priest hits you with a +0 hand axe!
You die...

........ #.# hh.h....
#.# >....g.. ...
##.##### #o# # #o# #(# #
#.#######
#.#####(.....(.
.#....@o(....(..
........o###############
......................(.
...........########.....
...........#......#.....
.............####.#.(...
.............#..#.#.....
#............#..#.#.####
..........#....#.#.#


You could see an orc priest and an orc.

Vanquished Creatures
  A black bear (D:4)
  A scorpion (D:4)
  A howler monkey (D:4)
  A hound skeleton (D:4)
  4 adders
  An ooze (D:1)
  3 dart slugs
  3 leopard geckos (D:1)
  3 orcs (D:3)
  5 bats
  4 giant cockroaches
  8 hobgoblins
  2 jackals
  5 kobolds
  A quokka (D:2)
  A frilled lizard (D:1)
  4 goblins
  5 rats
53 creatures vanquished.

Notes
Turn   | Place    | Note
-------+----------+-------------------------------------------
     0 | D:1      | MisterFreud the Gnoll Arcane Marksman began the quest for
                  | the Orb.
     0 | D:1      | Reached XP level 1. HP: 17/17 MP: 4/4
   127 | D:1      | Reached XP level 2. HP: 8/23 MP: 5/5
   739 | D:1      | Reached XP level 3. HP: 28/28 MP: 7/7
  1701 | D:2      | Reached skill level 1 in Invocations
  1790 | D:2      | You fall into a shaft and drop 2 floors!
  1799 | D:4      | Reached skill level 1 in Short Blades
  1799 | D:4      | Reached skill level 1 in Long Blades
  1799 | D:4      | Reached skill level 1 in Axes
  1799 | D:4      | Reached skill level 1 in Maces & Flails
  1799 | D:4      | Reached skill level 1 in Polearms
  1799 | D:4      | Reached skill level 1 in Staves
  1799 | D:4      | Reached skill level 1 in Slings
  1799 | D:4      | Reached skill level 1 in Bows
  1799 | D:4      | Reached skill level 1 in Crossbows
  1799 | D:4      | Reached skill level 1 in Armour
  1799 | D:4      | Reached skill level 1 in Stealth
  1799 | D:4      | Reached skill level 1 in Shields
  1799 | D:4      | Reached skill level 1 in Unarmed Combat
  1799 | D:4      | Reached skill level 1 in Evocations
  2103 | D:4      | Noticed a scorpion
  2104 | D:4      | Reached XP level 4. HP: 34/34 MP: 8/8
  2108 | D:4      | Reached skill level 1 in Conjurations
  2108 | D:4      | Reached skill level 1 in Charms
  2108 | D:4      | Reached skill level 1 in Summonings
  2108 | D:4      | Reached skill level 1 in Necromancy
  2108 | D:4      | Reached skill level 1 in Translocations
  2108 | D:4      | Reached skill level 1 in Transmutations
  2108 | D:4      | Reached skill level 1 in Fire Magic
  2108 | D:4      | Reached skill level 1 in Ice Magic
  2108 | D:4      | Reached skill level 1 in Air Magic
  2108 | D:4      | Reached skill level 1 in Earth Magic
  2108 | D:4      | Reached skill level 1 in Poison Magic
  2108 | D:4      | Reached XP level 5. HP: 40/40 MP: 9/9
  2175 | D:4      | Noticed a black bear
  2189 | D:4      | Killed a black bear
  2189 | D:4      | Reached XP level 6. HP: 23/47 MP: 10/10
  2292 | D:4      | Found a snail-covered altar of Cheibriados.
  2492 | D:4      | Found Vimagux's Gadget Boutique.
  2846 | D:3      | Slain by an orc priest

Levels and vault maps discovered:
D:1:      ncdulo_halloftheorcs, layout_basic, minmay_tetromino_t4
D:2:      layout_basic, columned_hall_lemuel
D:3:      layout_basic, first_ration
D:4:      layout_cave_pods, kennysheep_slug_shrine,
          gammafunk_temple_overflow_claw, serial_shops, shop,
          grunt_ministairs_15

Skill      XL: |  1  2  3  4  5 |
---------------+----------------+-----
Invocations    | 1 2 |  2.1
Short Blades   | 1 |  1.9
Long Blades    | 1 |  1.9
Axes           | 1 |  1.9
Maces & Flails | 1 |  1.9
Polearms       | 1 |  1.9
Staves         | 1 |  1.9
Slings         | 1 |  1.9
Bows           | 1 |  1.9
Crossbows      | 1 |  1.9
Armour         | 1 |  1.9
Stealth        | 1 |  1.9
Shields        | 1 |  1.9
Unarmed Combat | 1 |  1.9
Evocations     | 1 |  1.9
Spellcasting   | 3 |  3.4
Conjurations   | 1 |  1.5
Charms         | 1 |  1.5
Summonings     | 1 |  1.5
Necromancy     | 1 |  1.5
Translocations | 1 |  1.5
Transmutations | 1 |  1.5
Fire Magic     | 1 |  1.5
Ice Magic      | 1 |  1.5
Air Magic      | 1 |  1.5
Earth Magic    | 1 |  1.5
Poison Magic   | 1 |  1.5
Fighting       | 3 |  3.2
Throwing       | |  4.9
Dodging        | |  4.9
Hexes          | |  5.6

Action                   |  1- 3 |  4- 6 || total
-------------------------+-------+-------++-------
Melee: Club              |    43 |    37 ||    80
       Bite              |     5 |     4 ||     9
       Unarmed           |     1 |       ||     1
       Punch             |       |     1 ||     1
Throw: Javelin           |    25 |    10 ||    35
       Throwing net      |     1 |     1 ||     2
       Dart              |    36 |    48 ||    84
  Use: Potion            |       |     1 ||     1
 Stab: Distracted        |     1 |       ||     1
  Eat: Chunk             |     3 |     3 ||     6
Armor: Robe              |     5 |    13 ||    18
Dodge: Dodged            |    39 |    57 ||    96

Table legend:
 A = Non-vault XP
 B = Vault XP
 C = Vault XP percentage of total XP
 D = Non-vault monster count
 E = Vault monster count
 F = Vault count percentage of total count
                 A         B        C        D         E       F
            +---------+---------+-------+---------+---------+-------
      Total |     278 |     146 |  34.4 |      48 |       5 |   9.4
            +---------+---------+-------+---------+---------+-------
        D:1 |      41 |       6 |  12.8 |      19 |       3 |  13.6
        D:2 |      17 |       0 |   0.0 |      11 |       0 |   0.0
        D:3 |      50 |       0 |   0.0 |      12 |       0 |   0.0
        D:4 |     170 |     140 |  45.2 |       6 |       2 |  25.0
            +---------+---------+-------+---------+---------+-------
